 Dungeon Crawl Stone Soup version 0.30-a0-632-g346586fe48 (webtiles) character file.

Game seed: 12830051973723976224

1918 bmack86 the Cleaver (level 8, -6/71 HPs)
             Began as a Minotaur Fighter on Jan 14, 2023.
             Mangled by a water moccasin (8 damage)
             ... on level 7 of the Dungeon.
             The game lasted 00:11:05 (4211 turns).

bmack86 the Cleaver (Minotaur Fighter)              Turns: 4211, Time: 00:11:06

Health: -6/71      AC: 12    Str: 23    XL:     8   Next: 95%
Magic:  7/7        EV:  7    Int:  5    God:
Gold:   501        SH:  6    Dex: 16    Spells: 7/7 levels left

rFire   + . .      SeeInvis .    a - +1 war axe
rCold   + . .      Faith    .    c - +0 buckler
rNeg    . . .      Spirit   .    j - +0 chain mail
rPois   .          Reflect  .    (helmet restricted)
rElec   .          Harm     .    p - scarf {rC+ rF+}
rCorr   .          Rampage  .    f - +1 pair of gloves
Will    .....                    (no boots) Stlth
                                 n - amulet of magic regeneration
HPRegen 0.31/turn                h - +6 ring of dexterity
MPRegen 0.50/turn                (no ring)

@: lethally poisoned (-6 -> -18)
A: horns 2, retaliatory headbutt
a: no special abilities


You were on level 7 of the Dungeon.
You visited 1 branch of the dungeon, and saw 7 of its levels.

You collected 501 gold pieces.

Inventory:

Hand Weapons
 a - a +1 war axe (weapon)
Missiles
 o - 5 curare-tipped darts
 q - 3 poisoned darts (quivered)
 s - a throwing net
 u - 2 boomerangs
Armour
 c - a +0 buckler (worn)
 f - a +1 pair of gloves (worn)
 j - a +0 chain mail (worn)
 p - a scarf of resistance (worn)
Jewellery
 h - a +6 ring of dexterity (left hand)
 n - an amulet of magic regeneration (around neck)
Scrolls
 e - a scroll of vulnerability
 k - 3 scrolls of teleportation
 l - a scroll of torment
Potions
 b - 2 potions of mutation
 d - a potion of might
 g - a potion of resistance
 i - 2 potions of invisibility
 m - 3 potions of attraction
 r - 2 potions of heal wounds
 t - a potion of curing {unknown}
 w - a potion of ambrosia {unknown}


   Skills:
 + Level 6.7 Fighting
 * Level 8.5 Axes
 + Level 4.2 Throwing
 + Level 6.8 Armour
 + Level 6.7 Shields


You had 7 spell levels left.
You didn't know any spells.
Your spell library contained the following spells:

 Spells                   Type           Power      Damage    Failure   Level
 Magic Dart               Conj           0%         1d3       99%         1
 Searing Ray              Conj           0%         2d4       100%        2
 Sublimation of Blood     Necr           0%         N/A       100%        2
 Fulminant Prism          Conj/Hex       0%         3d5       100%        4
 Petrify                  Tmut/Erth      0%         N/A       100%        4
 Irradiate                Conj/Tmut      0%         3d11      100%        5


Dungeon Overview and Level Annotations

Branches:
Dungeon (7/15)
 Temple: D:4-7

Altars:
Dithmenos
Elyvilon
Gozag
Nemelex Xobeh
Uskayaw
Yredelemnul
Zin

Shops:
D:2 (

Annotations:
D:7 Joseph


Innate Abilities, Weirdness & Mutations

You have a pair of horns on your head.
You reflexively headbutt those who attack you in melee.


Message History

The ice beast hits you but does no damage.
Joseph shouts, "Wow!"
Joseph unwields a +5 sling.
Joseph wields a +0 quarterstaff.
Joseph hits you with a +0 quarterstaff! You block the water moccasin's attack.
A white imp comes into view.
The ice beast barely misses you.
The white imp shouts!
Joseph hits you with a +0 quarterstaff.
* * * LOW HITPOINT WARNING * * *
The water moccasin bites you but does no damage.
You slash Joseph! Your headbutt misses Joseph.
Joseph is moderately wounded.
You hit the water moccasin but do no damage.
You closely miss the ice beast.
The water moccasin bites you but does no damage.
Joseph misses you.
The ice beast hits you but does no damage.
You barely miss Joseph. Your headbutt misses Joseph.
Joseph is moderately wounded.
You miss the water moccasin. You slash the ice beast!
You kill the ice beast!
The water moccasin bites you.
* * * LOW HITPOINT WARNING * * *
You are lethally poisoned!
The water moccasin poisons you! Joseph barely misses you.
You block the water moccasin's attack. The white imp gestures at you.
The puff of frost hits you. You resist.
* * * LOW HITPOINT WARNING * * *
Joseph hits you with a +0 quarterstaff.
* * * LOW HITPOINT WARNING * * *
You hit Joseph but do no damage.
Joseph is moderately wounded.
You closely miss the water moccasin.
* * * LOW HITPOINT WARNING * * *
You feel very sick. The water moccasin bites you.
* * * LOW HITPOINT WARNING * * *
Joseph barely misses you. The water moccasin bites you!
You die...

#......)...#
#.#
#..........#
#.#
+..........+
...
#..........#
#.#
#..........##
#+#
########....#
#$...# #....#
. #@@..#...
#S.......
#.)......
#....5...
.........
##........
.........
.........
.........


You could see Joseph, a water moccasin and a white imp.

Vanquished Creatures
  2 ice beasts
  2 centaurs (D:7)
  2 ogres
  2 phantoms
  2 necrophages
  7 scorpions (D:6)
  5 wights (D:7)
  3 howler monkeys
  2 hounds
  A jelly (D:6)
  2 iguanas
  10 adders
  2 shadow imps
  3 worms
  2 dart slugs (D:1)
  7 orcs
  4 ball pythons
  14 bats
  7 endoplasms
  4 giant cockroaches
  8 hobgoblins
  8 jackals
  4 quokkas
  2 frilled lizards (D:1)
  7 goblins
  8 kobolds
  5 rats
125 creatures vanquished.

Vanquished Creatures (others)
  13 fungi (D:6)
13 creatures vanquished.

Grand Total: 138 creatures vanquished

Notes
Turn   | Place    | Note
-------+----------+-------------------------------------------
     0 | D:1      | bmack86 the Minotaur Fighter began the quest for the Orb.
     0 | D:1      | Reached XP level 1. HP: 19/19 MP: 0/0
    65 | D:1      | Reached XP level 2. HP: 24/27 MP: 1/1
    67 | D:1      | Reached skill level 3 in Axes
   199 | D:1      | Reached XP level 3. HP: 22/33 MP: 2/2
   919 | D:2      | Reached XP level 4. HP: 36/40 MP: 3/3
   979 | D:2      | Found Xaijimp's Antique Weapon Shop.
  1178 | D:3      | Reached skill level 4 in Axes
  1640 | D:4      | Reached XP level 5. HP: 47/47 MP: 4/4
  1791 | D:4      | Reached skill level 1 in Throwing
  1797 | D:4      | Found a glowing silver altar of Zin.
  2032 | D:5      | Entered Level 5 of the Dungeon
  2264 | D:5      | Found a shadowy altar of Dithmenos.
  2299 | D:5      | Found a sparkling altar of Nemelex Xobeh.
  2299 | D:5      | Found a white marble altar of Elyvilon.
  2331 | D:5      | Reached skill level 5 in Axes
  2334 | D:5      | Identified the +1 spear of Quantum Leap {elec, Dex+4}
  2336 | D:5      | Noticed an ogre
  2345 | D:5      | Killed an ogre
  2346 | D:5      | Reached XP level 6. HP: 28/55 MP: 5/5
  2489 | D:5      | Noticed an ice beast
  2500 | D:5      | Killed an ice beast
  2501 | D:5      | Reached skill level 5 in Fighting
  2501 | D:5      | Reached skill level 5 in Armour
  2501 | D:5      | Reached skill level 5 in Shields
  2596 | D:5      | Reached XP level 7. HP: 53/61 MP: 6/6
  3105 | D:6      | Reached skill level 6 in Axes
  3222 | D:6      | Found an opulent altar of Gozag.
  3431 | D:6      | Found a basalt altar of Yredelemnul.
  3627 | D:6      | Reached XP level 8. HP: 57/70 MP: 7/7
  3630 | D:6      | Reached skill level 7 in Axes
  3886 | D:6      | Found a hide-covered altar of Uskayaw.
  4162 | D:7      | Reached skill level 8 in Axes
  4197 | D:7      | Noticed Joseph
  4211 | D:7      | HP: 3/71 [poisoned by a water moccasin]
  4211 | D:7      | Mangled by a water moccasin

Illustrated notes

Levels and vault maps discovered:
D:1:      dpeg_arrival_arbitrary_b, layout_basic
D:2:      kennysheep_big_flooded_room, layout_rooms, serial_shops,
          nicolae_shop_trees, serial_glass, glass_columns_a, glass_columns_b,
          minmay_pentomino_u2
D:3:      layout_rooms, hex_intersection
D:4:      layout_rooms, mainiacjoe_overflow_alcove_1
D:5:      layout_basic, nicolae_overflow_two_pavilions,
          mainiacjoe_overflow_alcove_2
D:6:      old_forge, layout_loops_cross, lemuel_crystal_altar,
          jmf_multi_god_temple, chequers_garden
D:7:      layout_basic, overflow_temple_1_default,
          minmay_temple_entry_statues_pillars, uniq_joseph

Skill      XL: |  1  2  3  4  5  6  7  8 |
---------------+-------------------------+-----
Axes           | 3 4 5 6 8 |  8.5
Armour         | 4 5 6 |  6.8
Shields        | 4 5 6 |  6.7
Fighting       | 4 5 6 |  6.7
Throwing       | 1 2 3 4 |  4.2

Action                   |  1- 3 |  4- 6 |  7- 9 || total
-------------------------+-------+-------+-------++-------
Melee: War axe           |    69 |    98 |   114 ||   281
       Headbutt          |     6 |    13 |    30 ||    49
Throw: Dart              |       |     8 |     1 ||     9
  Use: Scroll            |     2 |     7 |     3 ||    12
Armor: Scale mail        |    23 |       |       ||    23
       Chain mail        |    15 |    75 |    95 ||   185
Dodge: Dodged            |    47 |    32 |    53 ||   132
Block: Buckler           |    17 |    21 |    55 ||    93

Table legend: (Time is in decaauts)
 A = Elapsed time spent in this place.
 B = Non-inter-level travel time spent in this place.
 C = Inter-level travel time spent in this place.
 D = Time resting spent in this place.
 E = Time spent auto-exploring this place.
 F = Levels seen in this place.
 G = Mean time per level.
                   A        B        C        D        E       F      G
               +--------+--------+--------+--------+--------+-----+--------+
         Total |   4287 |   4179 |    108 |    131 |   2637 |   7 |  612.4 |
       Dungeon |   4287 |   4179 |    108 |    131 |   2637 |   7 |  612.4 |
               +--------+--------+--------+--------+--------+-----+--------+

Top non-repeatable levels by time:
     D:5: 1070 daAuts
     D:6: 855 daAuts
     D:1: 694 daAuts
     D:4: 482 daAuts
     D:2: 461 daAuts
     D:3: 437 daAuts
     D:7: 285 daAuts
